 Dungeon Crawl Stone Soup version 0.24.0-35-gdb84b6a5db (webtiles) character file.

Game seed: 2444223472866630888, levelgen mode: deterministic

228 Curus the Poker (level 5, -1/45 HPs)
             Began as a Draconian Berserker on Nov 18, 2019.
             Was a Believer of Trog.
             Slain by Grinder (6 damage)
             ... on level 3 of the Dungeon.
             The game lasted 00:06:16 (2007 turns).

Curus the Poker (Draconian Berserker)               Turns: 2007, Time: 00:06:17

Health: -1/45      AC:  5    Str: 19    XL:     5   Next: 71%
Magic:  5/5        EV: 12    Int:  8    God:    Trog [**....]
Gold:   87         SH:  0    Dex: 11    Spells: 4/4 levels left

rFire    + . .     SeeInvis .   a - +0 spear
rCold    . . .     Gourm    .   (no shield)
rNeg     + . .     Faith    .   (armour unavailable)
rPois    .         Spirit   .   (helmet restricted)
rElec    .         Reflect  .   (no cloak)
rCorr    .         Harm     .   (no gloves)
MR       ++...                  (no boots)
Stlth    ..........             (no amulet)
HPRegen  1.15/turn              c - ring of attention (curse)
MPRegen  0.09/turn              d - ring of positive energy

@: berserk cooldown, regenerating, slowed, very slow
A: unfitting armour, claws 1, fire resistance 1, cold-blooded, AC +5
a: Berserk, Trog's Hand, Renounce Religion


You were on level 3 of the Dungeon.
You worshipped Trog.
Trog was pleased with you.
You were near starving.

You visited 1 branch of the dungeon, and saw 3 of its levels.

You collected 87 gold pieces.

Inventory:

Hand Weapons
 a - a +0 spear (weapon)
Jewellery
 c - a cursed ring of attention (left claw)
 d - a ring of positive energy (right claw)
Scrolls
 f - a scroll of fear
Potions
 e - 2 potions of haste
Comestibles
 b - 5 rations


   Skills:
 - Level 3.2 Fighting
 + Level 6.5 Polearms
 - Level 2.6 Dodging


You had 4 spell levels left.
You didn't know any spells.
Your spell library was empty.

Dungeon Overview and Level Annotations

Branches:
Dungeon (3/15)

Altars:
Dithmenos
Okawaru
Trog
Uskayaw

Annotations:
D:3 Grinder


Innate Abilities, Weirdness & Mutations

Your plain brown scales are hard. (AC +5)
You cannot fit into any form of body armour.
You are cold-blooded and may be slowed by cold attacks.
You have sharp fingernails.
Your flesh is heat resistant. (rF+)


Message History

You reach to attack!
You hit Grinder.
Grinder is moderately wounded.
You barely miss Grinder.
Grinder is moderately wounded.
Grinder hits you!
* * * LOW HITPOINT WARNING * * *
You writhe in agony.
* * * LOW HITPOINT WARNING * * *
You closely miss Grinder.
Your tail-slap misses Grinder.
Grinder is moderately wounded.
Grinder closely misses you. Grinder hits you.
* * * LOW HITPOINT WARNING * * *
You barely miss Grinder.
Grinder is moderately wounded.
Grinder hits you!
* * * LOW HITPOINT WARNING * * *
You hit Grinder.
Grinder is moderately wounded.
Grinder hits you.
You die...

########
#<.....#
######.#
#.# #.#
#)# #@#
#5#
#.†......
#........
#.....⌠.!
##......b
#._..._
......
##...#


You could see Grinder.

Vanquished Creatures
  A hound (D:2)
  An orc wizard (D:3)
  Natasha (thrice) (D:2)
  2 adders (D:2)
  An ooze (D:2)
  5 worms
  3 orcs (D:3)
  A ball python (D:1)
  5 bats
  2 giant cockroaches (D:2)
  12 hobgoblins
  2 jackals (D:1)
  A quokka (D:3)
  A frilled lizard (D:2)
  2 goblins (D:1)
  5 kobolds
  16 rats
63 creatures vanquished.

Notes
Turn   | Place    | Note
-------+----------+-------------------------------------------
     0 | D:1      | Curus the Draconian Berserker began the quest for the Orb.
     0 | D:1      | Reached XP level 1. HP: 19/19 MP: 1/1
   173 | D:1      | Gained mutation: You have sharp fingernails. [potion of
                  | mutation]
   173 | D:1      | Gained mutation: Your flesh is heat resistant. (rF+)
                  | [potion of mutation]
   217 | D:1      | Reached XP level 2. HP: 24/26 MP: 2/2
   469 | D:1      | Reached ** piety under Trog
   469 | D:1      | Reached skill level 4 in Polearms
   688 | D:2      | Found a hide-covered altar of Uskayaw.
   688 | D:2      | Noticed a +0 hand axe
   688 | D:2      | Noticed a +0 dagger
   998 | D:2      | Reached XP level 3. HP: 29/31 MP: 3/3
  1387 | D:2      | Noticed Natasha
  1400 | D:2      | Killed Natasha
  1400 | D:2      | Reached skill level 5 in Polearms
  1400 | D:2      | Reached XP level 4. HP: 18/38 MP: 4/4
  1607 | D:2      | Noticed Natasha
  1620 | D:2      | Killed Natasha
  1620 | D:2      | Reached XP level 5. HP: 31/45 MP: 5/5
  1626 | D:2      | Noticed Natasha
  1641 | D:2      | Killed Natasha
  1641 | D:2      | Reached skill level 6 in Polearms
  1741 | D:2      | Noticed a moth of wrath
  1744 | D:2      | Found a bloodstained altar of Trog.
  1967 | D:3      | Found an iron altar of Okawaru.
  1969 | D:3      | Found a shadowy altar of Dithmenos.
  1971 | D:3      | Noticed Grinder
  1992 | D:3      | Reached *** piety under Trog
  2007 | D:3      | Slain by Grinder

Levels and vault maps discovered:
D:1:      zaba_arrival_water, layout_loops_ring, minmay_rat_gold_closets
D:2:      minmay_chambers_of_ones, layout_loops_ring, tgw_trog,
          dancing_weapons_uskayaw, first_ration, serial_glass, glass_columns_a,
          glass_columns_a, hex_large, uniq_natasha
D:3:      layout_basic, grunt_temple_overflow_open, uniq_grinder

Skill      XL: |  1  2  3  4  5 |
---------------+----------------+-----
Polearms       | 4 5 6 |  6.5
Fighting       | |  3.2
Dodging        | |  2.6

Action                   |  1- 3 |  4- 6 || total
-------------------------+-------+-------++-------
Melee: Spear             |   159 |   104 ||   263
       Tailslap          |    12 |    13 ||    25
Invok: Berserk           |     2 |     1 ||     3
       Trog's Hand       |       |     1 ||     1
  Use: Potion            |     4 |       ||     4
       Scroll            |     3 |       ||     3
  Eat: Chunk             |     2 |     3 ||     5
Armor: Skin              |    35 |    16 ||    51
Dodge: Dodged            |    63 |    53 ||   116
